AoeStats
← Amil YT

Black Forest

510725336Analyzed
2v2 RM · 22h ago on Oct 2, 2026· 109m 55s· 4 players
Game mode
Random Map
Map size
Medium (4 player)
Population
200
Speed
Normal
Resources
Standard
Victory
Conquest
Starting age
Dark Age
Ending age
Imperial Age
RankedLock teamsTeams togetherTeam positionsShared explorationLock speedFull tech treeHidden civsTurbo modeCheats
Victory
Defeat
🇪🇸 Persians · Spain
818
+14
🇹🇷 Turks · Türkiye
776
+15
🇷🇸 Teutons · Serbia
768
-15
🇨🇭 Teutons · Switzerland
758
-14
AKANZİ
0:32 Loom
18:04 Feudal Age
22:21 Fishing Lines
23:05 Double-Bit Axe
23:03 Horse Collar
23:17 Stone Mining
23:18 Gold Mining
28:00 Castle Age
30:30 Gillnets
34:46 Imperial Age
33:48 Scale Barding Armor
33:43 Scale Mail Armor
33:54 Forging
33:34 Fletching
33:45 Padded Archer Armor
34:00 Heavy Plow
35:24 Elite Janissary
42:19 Gold Shaft Mining
45:23 Chain Barding Armor
45:18 Chain Mail Armor
45:39 Iron Casting
44:59 Bodkin Arrow
45:19 Leather Archer Armor
45:10 Capped Ram
45:53 Squires
45:38 Arson
45:15 Man-at-Arms
46:32 Wheelbarrow
45:43 Town Watch
46:37 Bloodlines
46:27 Husbandry
46:51 Caravan
47:48 Plate Barding Armor
47:43 Plate Mail Armor
47:14 Bracer
48:15 Blast Furnace
48:25 Bow Saw
48:33 Bow Saw
51:00 Ring Archer Armor
52:16 Sappers
53:07 Sipahi
53:08 Conscription
52:49 Artillery
53:25 Hoardings
53:14 Bombard Tower
52:39 Arrowslits
52:45 Guard Tower
53:15 Ballistics
52:46 Heated Shot
53:06 Fortified Wall
52:52 Murder Holes
52:37 Treadmill Crane
53:08 Masonry
54:02 Two-Man Saw
66:01 Hand Cart
65:47 Town Patrol
66:24 Architecture
66:30 Keep
alb_236
0:27 Loom
14:20 Feudal Age
18:00 Fletching
25:33 Castle Age
24:50 Double-Bit Axe
25:10 Horse Collar
25:27 Gold Mining
25:29 Stone Mining
29:23 Bow Saw
37:23 Imperial Age
36:11 Kamandaran
36:54 Bodkin Arrow
39:12 Crossbowman
39:58 Thumb Ring
41:29 Chemistry
40:50 Ballistics
44:13 Hoardings
47:20 Padded Archer Armor
47:20 Scale Mail Armor
51:55 Citadels
52:41 Leather Archer Armor
52:46 Chain Mail Armor
56:20 Two-Man Saw
55:17 Light Cavalry
72:11 Caravan
77:50 Masonry
98:50 Parthian Tactics
103:05 Husbandry
103:20 Bloodlines
105:13 Heavy Cavalry Archer
106:44 Scale Barding Armor
110:35 Forging
Amil YT
0:32 Loom
11:40 Feudal Age
13:15 Wheelbarrow
12:21 Horse Collar
12:27 Double-Bit Axe
14:23 Man-at-Arms
18:00 Gold Mining
18:01 Stone Mining
18:44 Arson
22:58 Castle Age
21:23 Scale Mail Armor
22:48 Forging
23:55 Hand Cart
23:51 Bow Saw
23:47 Heavy Plow
25:07 Squires
26:49 Caravan
28:20 Chain Mail Armor
28:50 Stone Shaft Mining
36:06 Imperial Age
36:12 Imperial Age
35:17 Fortified Wall
36:16 Onager
38:20 Chemistry
38:05 Crenellations
38:55 Conscription
40:17 Pikeman
42:02 Plate Mail Armor
42:07 Iron Casting
43:30 Elite Teutonic Knight
44:31 Halberdier
46:13 Crop Rotation
46:45 Two-Man Saw
69:10 Elite Skirmisher
froe
0:36 Loom
14:23 Feudal Age
14:59 Double-Bit Axe
15:08 Horse Collar
21:44 Castle Age
19:37 Gold Mining
20:38 Stone Mining
20:55 Scale Mail Armor
24:12 Bow Saw
27:00 Fortified Wall
32:08 Imperial Age
30:15 Wheelbarrow
30:19 Guard Tower
33:16 Ballistics
33:58 Chemistry
33:35 Hand Cart
33:05 Town Watch
35:32 Crenellations
35:50 Hoardings
36:42 Ballistics
38:33 Conscription
38:30 Siege Engineers
39:05 Keep
39:07 Elite Teutonic Knight
41:46 Scale Barding Armor
41:56 Chain Mail Armor
41:51 Forging
41:42 Padded Archer Armor
41:32 Fletching
41:52 Cavalier
43:16 Siege Engineers
43:28 Heavy Plow
44:32 Caravan
44:37 Onager
46:03 Crop Rotation
45:03 Pikeman
45:31 Gambesons
45:48 Squires
46:47 Stone Shaft Mining
46:49 Bloodlines
46:58 Town Patrol
47:30 Paladin
51:07 Two-Man Saw
50:59 Chain Barding Armor
51:14 Iron Casting
54:13 Plate Barding Armor
55:46 Man-at-Arms
74:50 Blast Furnace
74:22 Plate Mail Armor
Connection lost

Rejoining the realm…

Still unreachable

The connection could not be restored.

Session expired

The server has moved on; the page needs a fresh start.